 Dungeon Crawl Stone Soup version 0.31-a0-210-gccc998df9b (webtiles) character file.

Game seed: 12898284489353854059

5224 qw the Cleaver (level 10, -15/64 HPs)
             Began as a Gargoyle Fighter on June 30, 2023.
             Was a Priest of Okawaru.
             Demolished by a freezing wraith (20 damage)
             ... on level 8 of the Dungeon.
             The game lasted 00:05:39 (8851 turns).

qw the Cleaver (Gargoyle Fighter)                   Turns: 8851, Time: 00:05:39

Health: -15/64     AC: 29    Str: 23    XL:     10   Next: 61%
Magic:  11/13      EV:  8    Int: 10    God:    Okawaru [***...]
Gold:   89         SH:  6    Dex:  9    Spells: 9/9 levels left

rFire   . . .        Y - +3 war axe
rCold   . . .        c - +0 buckler
rNeg    + . .        m - +0 plate armour
rPois   inf          p - +0 helmet
rElec   +            l - +2 cloak
rCorr   .            t - +0 pair of gloves
SInv    .            (no boots)
Will    .....        k - amulet of faith Stlth
                     (no ring)
HPRegen 0.30/turn    (no ring)
MPRegen 0.13/turn

%: faith
@: heroic
A: sickness immunity, AC +7, negative energy resistance 1, electricity
resistance, torment resistance 1, petrification resistance
a: Renounce Religion, Heroism


You were on level 8 of the Dungeon.
You worshipped Okawaru.
Okawaru was most pleased with you.
You visited 2 branches of the dungeon, and saw 9 of its levels.
You also visited: Ossuary.

You collected 437 gold pieces.
You spent 348 gold pieces at shops.


Innate Abilities, Weirdness & Mutations

You are immune to sickness and miasma.
Your stone body is resilient. (AC +7)
You are immune to poison.
You resist negative energy. (rN+)
You are resistant to electric shocks. (rElec)
You are resistant to unholy torment.
You are immune to petrification.


   Skills:
 - Level 8.0(13.0) Fighting
 + Level 10.5(15.5) Axes
 - Level 7.4(12.4) Armour
 - Level 1.4(6.4) Dodging
 - Level 5.0(10.0) Shields
 - Level 4.0 Invocations


You had 9 spell levels left.
You didn't know any spells.
Your spell library was empty.

Inventory:

Hand Weapons
 o - a +2 flail of protection
 Y - a +3 war axe (weapon)
Armour
 b - the scarf of Insecurity {harm, Str+7}
   (You acquired it on level 3 of the Dungeon)

   Str:       It affects your strength (+7).
 c - a +0 buckler (worn)
 l - a +2 cloak (worn)
 m - a +0 plate armour (worn)
 p - a +0 helmet (worn)
 t - a +0 pair of gloves (worn)
Jewellery
 i - a ring of ice
 k - an amulet of faith (around neck)
 r - an amulet of the acrobat
Scrolls
 a - 2 scrolls of identify
Potions
 d - 4 potions of might
 e - 2 potions of magic
 f - 2 potions of resistance
 g - 6 potions of curing
 h - a potion of enlightenment
 n - 3 potions of mutation
 s - a potion of cancellation
 u - a potion of haste
 v - 3 potions of attraction
 x - 4 potions of lignification

Dungeon Overview and Level Annotations

Branches:
Dungeon (8/15)             Temple (1/1) D:4         Ossuary (visited)
   Lair: D:8-11

Altars:
Ashenzari
Dithmenos
Fedhas
Hepliaklqana
Kikubaaqudgha
Makhleb
Nemelex Xobeh
Okawaru
Qazlal
Sif Muna
Uskayaw
Wu Jian
Xom
Zin
The Shining One

Shops:
D:8 !

Annotations:
D:4 1 runed translucent door, Crazy Yiuf
D:7 2 transporters


Message History

The ice devil is severely wounded.
The ice devil hits you. The ice devil freezes you!
You completely miss the ice devil.
The ice devil is severely wounded.
The ice devil hits you but does no damage.
You slash the ice devil!
The ice devil is almost dead.
The ice devil barely misses you.
You closely miss the ice devil.
The ice devil is almost dead.
You hit the freezing wraith but do no damage.
The ice devil hits you! The ice devil freezes you!
The freezing wraith hits you but does no damage.
The freezing wraith completely misses you.
8847 ||| INVOKING Heroism.
You gain the combat prowess of a mighty hero.
The ice devil hits you but does no damage.
You block the freezing wraith's attack. The freezing wraith barely misses you.
You hit the ice devil.
The ice devil is almost dead.
You hit the freezing wraith but do no damage.
You hit the ice devil.
The ice devil is almost dead.
You hit the freezing wraith.
The freezing wraith hits you but does no damage. x2
The ice devil hits you. The ice devil freezes you!
You closely miss the ice devil.
The ice devil is almost dead.
You hit the freezing wraith but do no damage.
You slash the white imp!
You kill the white imp!
Okawaru accepts your kill. The freezing wraith closely misses you.
The freezing wraith barely misses you. You block the ice devil's attack.
You slash the ice devil!
You kill the ice devil!
Okawaru accepts your kill.
You hit the freezing wraith but do no damage.
The freezing wraith hits you. The freezing wraith freezes you!!
You die...

+######.# #### ## #.#
#~ ~# #.##
..#.#####..###
....#........#### #
...######.#..... #.
#..######.......
##..###..##.....#.....
#...$@W...##.##.#.....
#.........##.##.#.....
#..#~~#...##.##.#.##..
#...~##~...'..##.#.####
#...~ #~#..'.###.#.# #
#...# ##~..'.# #.#.# #
#... #~..'.# #.#.# ##..
~~#..### #.#.# ......#
#.#.####


You could see a freezing wraith.

Vanquished Creatures
  Pikel (D:4)
  A komodo dragon (D:8)
  2 ice devils (D:8)
  Sigmund (D:6)
  Grum (D:8)
  2 steam dragons
  A water moccasin (D:6)
  An orc warrior (D:7)
  2 sky beasts (D:7)
  An ogre (D:4)
  A black bear (D:6)
  2 wolves (D:8)
  3 lemures (D:4)
  A phantom (D:5)
  4 kobold brigands
  Blork the orc (D:4)
  2 bullfrogs
  2 scorpions
  8 wights
  5 killer bees (D:8)
  2 howler monkeys
  5 hounds
  3 jellies
  4 orc priests
  A gnoll bouda (D:6)
  Jessica (D:3)
  8 iguanas
  A sleepcap (D:5)
  11 orc wizards
  13 mummies (Ossuary)
  Robin (D:2)
  23 gnolls
  6 adders
  A shadow imp (D:7)
  4 white imps
  2 ufetubi
  2 worms
  41 orcs
  8 ball pythons
  5 bats
  6 endoplasms
  A giant cockroach (D:1)
  15 goblins
  13 hobgoblins
  7 jackals
  2 quokkas
  4 frilled lizards
  A gnoll skeleton (Ossuary)
  2 goblin skeletons (Ossuary)
  51 kobolds
  2 kobold skeletons (Ossuary)
  3 orc skeletons (Ossuary)
  4 rats
  11 rat skeletons (Ossuary)
306 creatures vanquished.

Notes
Turn   | Place    | Note
-------+----------+-------------------------------------------
     0 | D:1      | qw the Gargoyle Fighter began the quest for the Orb.
     0 | D:1      | Reached XP level 1. HP: 14/14 MP: 1/1
     0 | D:1      | 0 ||| qw: Version: 0.3-a-26-gee661ec
     0 | D:1      | 0 ||| qw: Game counter: 7192
     0 | D:1      | 0 ||| qw: Melee chars always use a shield: true
     0 | D:1      | 0 ||| qw: God list: Okawaru
     0 | D:1      | 0 ||| qw: Allow faded altars: false
     0 | D:1      | 0 ||| qw: Do Orc after clearing Dungeon:15 true
     0 | D:1      | 0 ||| qw: Do second Lair branch before Depths: true
     0 | D:1      | 0 ||| qw: Lair rune preference: random
     0 | D:1      | 0 ||| qw: Goals: Normal, Zot:1-4, Slime:5, God:TSO, Crypt,
                  | Tomb, Abyss, Pan, Hells, Win
     0 | D:1      | 0 ||| PLANNING D:1-11
   114 | D:1      | Reached skill level 2 in Axes
   161 | D:1      | Reached XP level 2. HP: 19/19 MP: 2/2
   295 | D:1      | 295 ||| Stepping ~*~*~tactically~*~*~ (stealth).
   337 | D:1      | 337 ||| DROPPING +0 club.
   623 | D:1      | 623 ||| READING 2 scrolls labelled FIVIAHE GEOR.
   624 | D:1      | 624 ||| READING scroll labelled YSACLE FYPTIE.
   671 | D:2      | Reached skill level 3 in Axes
   671 | D:2      | Reached XP level 3. HP: 20/23 MP: 3/3
   750 | D:2      | Found a faded altar of an unknown god.
   797 | D:2      | 797 ||| Stepping ~*~*~tactically~*~*~ (stealth).
   800 | D:2      | 800 ||| Stepping ~*~*~tactically~*~*~ (stealth).
   913 | D:2      | Reached XP level 4. HP: 28/28 MP: 4/4
  1042 | D:2      | Reached skill level 4 in Axes
  1160 | D:2      | 1160 ||| Stepping ~*~*~tactically~*~*~ (stealth).
  1171 | D:2      | 1171 ||| Stepping ~*~*~tactically~*~*~ (stealth).
  1172 | D:2      | Noticed Robin
  1175 | D:2      | 1175 ||| Stepping ~*~*~tactically~*~*~ (hiding).
  1185 | D:2      | Killed Robin
  1253 | D:2      | 1253 ||| DROPPING +0 whip.
  1380 | D:2      | 1380 ||| UPGRADING to +2 cloak.
  1385 | D:2      | 1385 ||| UPGRADING to +0 helmet.
  1390 | D:2      | 1390 ||| READING scroll labelled OBRAAG EHIA.
  1391 | D:2      | 1391 ||| READING scroll labelled WOORIU ZOBE.
  1392 | D:2      | 1392 ||| READING 3 scrolls labelled YLEAWE POXTONE.
  1393 | D:2      | 1393 ||| READING scroll labelled NEWANA KAEN.
  1394 | D:2      | 1394 ||| DRINKING 2 clear potions.
  1395 | D:2      | 1395 ||| DROPPING 2 scrolls of fog.
  1526 | D:3      | 1526 ||| Stepping ~*~*~tactically~*~*~ (stealth).
  1543 | D:3      | Reached XP level 5. HP: 22/32 MP: 5/5
  1546 | D:3      | HP: 6/32 [orc priest/divine providence (13)]
  1553 | D:3      | HP: 7/32 [howler monkey (1)]
  1558 | D:3      | Reached skill level 5 in Axes
  1562 | D:3      | HP: 5/32 [something (4)]
  1735 | D:3      | Noticed Jessica
  1736 | D:3      | 1736 ||| Stepping ~*~*~tactically~*~*~ (hiding).
  1737 | D:3      | 1737 ||| Stepping ~*~*~tactically~*~*~ (hiding).
  1747 | D:3      | Killed Jessica
  1748 | D:3      | Reached XP level 6. HP: 27/38 MP: 6/6
  1790 | D:3      | 1790 ||| READING scroll of enchant weapon.
  1790 | D:3      | 1790 ||| ENCHANTING +1 war axe.
  2102 | D:3      | Identified the +7 spear of Peace {heavy, Will- Str+6}
  2117 | D:3      | 2117 ||| Stepping ~*~*~tactically~*~*~ (stealth).
  2165 | D:3      | 2165 ||| Stepping ~*~*~tactically~*~*~ (hiding).
  2166 | D:3      | 2166 ||| Stepping ~*~*~tactically~*~*~ (hiding).
  2172 | D:3      | Reached skill level 1 in Dodging
  2387 | D:3      | 2387 ||| UPGRADING to +0 pair of gloves.
  2392 | D:3      | 2392 ||| UPGRADING to +0 chain mail.
  2402 | D:3      | 2402 ||| DROPPING +0 scale mail.
  2403 | D:3      | 2403 ||| READING scroll labelled CABLOE VAING.
  2403 | D:3      | Identified a scroll of acquirement
  2403 | D:3      | 2403 ||| ACQUIRING scarf of Insecurity {harm, Str+7}
  2403 | D:3      | Acquired the scarf of Insecurity {harm, Str+7}
  2405 | D:3      | 2405 ||| READING scroll labelled VEENEK LAIXT.
  2406 | D:3      | 2406 ||| READING scroll labelled VONOHA CEUKK.
  2409 | D:3      | 2409 ||| READING scroll labelled SYLINE HUESTOST.
  2410 | D:3      | 2410 ||| READING scroll labelled PATOUD ILEMOD.
  2411 | D:3      | 2411 ||| DRINKING 4 dark potions.
  2412 | D:3      | 2412 ||| READING 2 scrolls of identify.
  2412 | D:3      | 2412 ||| IDENTIFYING sedimented clear potion
  2595 | D:4      | 2595 ||| Stepping ~*~*~tactically~*~*~ (water).
  2712 | D:4      | Found a runed translucent door.
  2713 | D:4      | Noticed Crazy Yiuf
  2731 | D:4      | 2731 ||| Stepping ~*~*~tactically~*~*~ (hiding).
  2732 | D:4      | 2732 ||| Stepping ~*~*~tactically~*~*~ (hiding).
  2733 | D:4      | 2733 ||| Stepping ~*~*~tactically~*~*~ (hiding).
  2734 | D:4      | 2734 ||| Stepping ~*~*~tactically~*~*~ (stealth).
  2741 | D:4      | 2741 ||| DRINKING 4 potions of curing.
  2741 | D:4      | 2741 ||| (to cure confusion)
  2743 | D:4      | 2743 ||| DRINKING 3 potions of curing.
  2743 | D:4      | 2743 ||| (to cure confusion)
  2748 | D:4      | Reached XP level 7. HP: 36/43 MP: 7/7
  2750 | D:4      | Reached skill level 6 in Axes
  2813 | D:4      | Found a staircase to the Ecumenical Temple.
  2814 | D:4      | 2814 ||| PLANNING TEMPLE
  2814 | D:4      | 2814 ||| READING 2 scrolls of identify.
  2814 | D:4      | 2814 ||| IDENTIFYING metallic orange potion
  2823 | Temple   | Entered the Ecumenical Temple
  2904 | Temple   | 2904 ||| PLANNING OKAWARU WORSHIP
  3036 | Temple   | Became a worshipper of Warmaster Okawaru
  3037 | Temple   | 3037 ||| PLANNING D:1-11
  3208 | D:4      | Noticed Blork the orc
  3209 | D:4      | 3209 ||| Stepping ~*~*~tactically~*~*~ (hiding).
  3210 | D:4      | 3210 ||| Stepping ~*~*~tactically~*~*~ (hiding).
  3211 | D:4      | 3211 ||| Stepping ~*~*~tactically~*~*~ (hiding).
  3213 | D:4      | 3213 ||| Stepping ~*~*~tactically~*~*~ (hiding).
  3221 | D:4      | Killed Blork the orc
  3355 | D:4      | Found a blossoming altar of Fedhas.
  3512 | D:4      | Reached skill level 7 in Axes
  3522 | D:4      | 3522 ||| FLEEEEING.
  3523 | D:4      | 3523 ||| FLEEEEING.
  3524 | D:4      | 3524 ||| FLEEEEING.
  3525 | D:4      | 3525 ||| FLEEEEING.
  3526 | D:4      | 3526 ||| FLEEEEING.
  3527 | D:4      | 3527 ||| FLEEEEING.
  3528 | D:4      | 3528 ||| FLEEEEING.
  3529 | D:4      | 3529 ||| FLEEEEING.
  3530 | D:4      | 3530 ||| FLEEEEING.
  3531 | D:4      | 3531 ||| FLEEEEING.
  3532 | D:4      | 3532 ||| FLEEEEING.
  3533 | D:4      | 3533 ||| FLEEEEING.
  3534 | D:4      | 3534 ||| FLEEEEING.
  3535 | D:4      | 3535 ||| FLEEEEING.
  3536 | D:4      | 3536 ||| FLEEEEING.
  3537 | D:4      | 3537 ||| FLEEEEING.
  3538 | D:4      | 3538 ||| FLEEEEING.
  3539 | D:4      | 3539 ||| FLEEEEING.
  3540 | D:4      | 3540 ||| FLEEEEING.
  3541 | D:4      | 3541 ||| FLEEEEING.
  3542 | D:4      | 3542 ||| FLEEEEING.
  3614 | D:4      | 3614 ||| Stepping ~*~*~tactically~*~*~ (hiding).
  3632 | D:4      | 3632 ||| Stepping ~*~*~tactically~*~*~ (stealth).
  3644 | D:4      | 3644 ||| Stepping ~*~*~tactically~*~*~ (stealth).
  3646 | D:4      | 3646 ||| Stepping ~*~*~tactically~*~*~ (hiding).
  3647 | D:4      | 3647 ||| Stepping ~*~*~tactically~*~*~ (hiding).
  3713 | D:4      | HP: 9/44 [gnoll/+0 spear (7)]
  3714 | D:4      | 3714 ||| READING scroll of teleportation.
  3862 | D:4      | 3862 ||| Stepping ~*~*~tactically~*~*~ (stealth).
  3884 | D:4      | 3884 ||| Stepping ~*~*~tactically~*~*~ (hiding).
  3894 | D:4      | Reached XP level 8. HP: 49/49 MP: 8/8
  3910 | D:4      | Reached * piety under Okawaru
  3927 | D:4      | 3927 ||| INVOKING Heroism.
  4029 | D:4      | 4029 ||| Stepping ~*~*~tactically~*~*~ (stealth).
  4044 | D:4      | 4044 ||| Stepping ~*~*~tactically~*~*~ (hiding).
  4100 | D:4      | 4100 ||| Stepping ~*~*~tactically~*~*~ (stealth).
  4102 | D:4      | 4102 ||| Stepping ~*~*~tactically~*~*~ (hiding).
  4103 | D:4      | 4103 ||| Stepping ~*~*~tactically~*~*~ (hiding).
  4265 | D:4      | 4265 ||| Stepping ~*~*~tactically~*~*~ (stealth).
  4272 | D:4      | Reached skill level 1 in Invocations
  4328 | D:4      | Noticed Pikel
  4329 | D:4      | 4329 ||| INVOKING Heroism.
  4350 | D:4      | HP: 4/49 [Pikel/bolt of light (9)]
  4351 | D:4      | 4351 ||| DRINKING 2 potions of curing.
  4351 | D:4      | 4351 ||| (to cure confusion)
  4359 | D:4      | HP: 12/49 [Pikel/+2 whip of freezing (2)]
  4360 | D:4      | Killed Pikel
  4361 | D:4      | Reached skill level 8 in Axes
  4361 | D:4      | 4361 ||| FLEEEEING.
  4362 | D:4      | 4362 ||| FLEEEEING.
  4363 | D:4      | 4363 ||| FLEEEEING.
  4364 | D:4      | 4364 ||| FLEEEEING.
  4365 | D:4      | 4365 ||| FLEEEEING.
  4366 | D:4      | 4366 ||| FLEEEEING.
  4367 | D:4      | 4367 ||| FLEEEEING.
  4368 | D:4      | 4368 ||| FLEEEEING.
  4369 | D:4      | 4369 ||| FLEEEEING.
  4371 | D:4      | 4371 ||| FLEEEEING.
  4372 | D:4      | 4372 ||| FLEEEEING.
  4373 | D:4      | 4373 ||| FLEEEEING.
  4374 | D:4      | 4374 ||| FLEEEEING.
  4375 | D:4      | 4375 ||| FLEEEEING.
  4376 | D:4      | 4376 ||| FLEEEEING.
  4377 | D:4      | 4377 ||| FLEEEEING.
  4378 | D:4      | 4378 ||| FLEEEEING.
  4379 | D:4      | 4379 ||| FLEEEEING.
  4380 | D:4      | 4380 ||| FLEEEEING.
  4381 | D:4      | 4381 ||| FLEEEEING.
  4382 | D:4      | 4382 ||| FLEEEEING.
  4383 | D:4      | 4383 ||| FLEEEEING.
  4384 | D:4      | 4384 ||| STAIRDANCE
  4492 | D:3      | 4492 ||| UPGRADING to amulet of the acrobat.
  4497 | D:3      | 4497 ||| READING scroll labelled LAEROH PIGAUNT.
  4500 | D:4      | 4500 ||| STAIRDANCE
  4518 | D:3      | 4518 ||| DROPPING +2 spectral club.
  4531 | D:4      | 4531 ||| Stepping ~*~*~tactically~*~*~ (stealth).
  4548 | D:4      | 4548 ||| DROPPING +0 flail.
  4785 | D:5      | Entered Level 5 of the Dungeon
  4930 | D:5      | 4930 ||| Stepping ~*~*~tactically~*~*~ (stealth).
  4935 | D:5      | 4935 ||| Stepping ~*~*~tactically~*~*~ (stealth).
  5021 | D:5      | 5021 ||| Stepping ~*~*~tactically~*~*~ (stealth).
  5023 | D:5      | 5023 ||| Stepping ~*~*~tactically~*~*~ (stealth).
  5026 | D:5      | 5026 ||| INVOKING Heroism.
  5043 | D:5      | Reached ** piety under Okawaru
  5044 | D:5      | Reached XP level 9. HP: 34/55 MP: 8/11
  5044 | D:5      | 5044 ||| INVOKING Heroism.
  5053 | D:5      | 5053 ||| Stepping ~*~*~tactically~*~*~ (stealth).
  5057 | D:5      | 5057 ||| Stepping ~*~*~tactically~*~*~ (stealth).
  5060 | D:5      | 5060 ||| Stepping ~*~*~tactically~*~*~ (stealth).
  5061 | D:5      | 5061 ||| FLEEEEING.
  5062 | D:5      | 5062 ||| Stepping ~*~*~tactically~*~*~ (stealth).
  5069 | D:5      | 5069 ||| FLEEEEING.
  5121 | D:5      | 5121 ||| INVOKING Heroism.
  5195 | D:5      | Reached skill level 6 in Fighting
  5195 | D:5      | Reached skill level 3 in Invocations
  5283 | D:5      | 5283 ||| Stepping ~*~*~tactically~*~*~ (stealth).
  5287 | D:5      | 5287 ||| Stepping ~*~*~tactically~*~*~ (stealth).
  5395 | D:5      | Reached skill level 9 in Axes
  5763 | D:5      | 5763 ||| UPGRADING to amulet of faith.
  5773 | D:5      | 5773 ||| DROPPING +6 ring of intelligence.
  5774 | D:5      | 5774 ||| DRINKING 2 smoky pink potions.
  5775 | D:5      | 5775 ||| READING 3 scrolls of identify.
  5775 | D:5      | 5775 ||| IDENTIFYING ruby potion
  5776 | D:5      | 5776 ||| READING 2 scrolls of identify.
  5776 | D:5      | 5776 ||| IDENTIFYING sapphire potion
  5777 | D:5      | 5777 ||| DROPPING potion of ambrosia.
  5833 | D:6      | 5833 ||| Stepping ~*~*~tactically~*~*~ (hiding).
  5841 | D:6      | 5841 ||| INVOKING Heroism.
  5899 | D:6      | Noticed Sigmund
  5900 | D:6      | 5900 ||| Stepping ~*~*~tactically~*~*~ (hiding).
  5906 | D:6      | 5906 ||| INVOKING Heroism.
  5920 | D:6      | Killed Sigmund
  5984 | D:6      | 5984 ||| INVOKING Heroism.
  6034 | D:6      | Found a shimmering blue altar of Sif Muna.
  6050 | D:6      | 6050 ||| INVOKING Heroism.
  6055 | D:6      | 6055 ||| Stepping ~*~*~tactically~*~*~ (hiding).
  6348 | D:6      | 6348 ||| READING 2 scrolls of identify.
  6348 | D:6      | 6348 ||| IDENTIFYING metallic amethyst potion
  6453 | D:7      | 6453 ||| INVOKING Heroism.
  6559 | D:7      | 6559 ||| Stepping ~*~*~tactically~*~*~ (hiding).
  6562 | D:7      | 6562 ||| Stepping ~*~*~tactically~*~*~ (hiding).
  6729 | D:7      | Reached skill level 10 in Axes
  6756 | D:7      | 6756 ||| INVOKING Heroism.
  6767 | D:7      | Reached XP level 10. HP: 58/63 MP: 11/13
  6878 | D:7      | Reached skill level 6 in Armour
  6909 | D:7      | Noticed a manticore
  6909 | D:7      | Noticed a gargoyle
  6920 | D:7      | Noticed a cyclops
  6921 | D:7      | Found a transporter.
  6944 | D:7      | Found a transporter.
  7115 | D:7      | Found an ornate altar of the Wu Jian Council.
  7118 | D:7      | 7118 ||| UPGRADING to +0 plate armour.
  7128 | D:7      | 7128 ||| DROPPING +0 chain mail.
  7129 | D:7      | 7129 ||| READING 2 scrolls of identify.
  7129 | D:7      | 7129 ||| IDENTIFYING blue potion
  7173 | D:8      | 7173 ||| PLANNING OSSUARY
  7201 | D:8      | Found Jedaxt's Distillery.
  7213 | D:8      | 7213 ||| BUYING 2 potions of attraction (72 gold).
  7213 | D:8      | Bought 2 potions of attraction for 72 gold pieces
  7213 | D:8      | 7213 ||| BUYING 2 potions of curing (72 gold).
  7213 | D:8      | Bought 2 potions of curing for 72 gold pieces
  7213 | D:8      | 7213 ||| BUYING potion of curing (36 gold).
  7213 | D:8      | Bought a potion of curing for 36 gold pieces
  7213 | D:8      | 7213 ||| BUYING potion of curing (36 gold).
  7213 | D:8      | Bought a potion of curing for 36 gold pieces
  7213 | D:8      | 7213 ||| BUYING potion of lignification (36 gold).
  7213 | D:8      | Bought a potion of lignification for 36 gold pieces
  7213 | D:8      | 7213 ||| BUYING potion of might (48 gold).
  7213 | D:8      | Bought a potion of might for 48 gold pieces
  7213 | D:8      | 7213 ||| BUYING potion of might (48 gold).
  7213 | D:8      | Bought a potion of might for 48 gold pieces
  7213 | D:8      | 7213 ||| SHOPLISTING potion of mutation (96 gold, have 71).
  7288 | D:8      | 7288 ||| READING scroll of enchant weapon.
  7288 | D:8      | 7288 ||| ENCHANTING +2 war axe.
  7317 | D:8      | Found a flagged portal.
  7319 | D:8      | 7319 ||| Stepping ~*~*~tactically~*~*~ (hiding).
  7382 | D:8      | 7382 ||| Stepping ~*~*~tactically~*~*~ (stealth).
  7391 | D:8      | 7391 ||| Stepping ~*~*~tactically~*~*~ (stealth).
  7441 | D:8      | 7441 ||| INVOKING Heroism.
  7607 | D:8      | 7607 ||| INVOKING Heroism.
  7623 | D:8      | HP: 12/64 [ice devil (21)]
  7624 | D:8      | 7624 ||| READING scroll of teleportation.
  7625 | D:8      | 7625 ||| DRINKING potion of heal wounds.
  7665 | D:8      | 7665 ||| Stepping ~*~*~tactically~*~*~ (stealth).
  7669 | D:8      | 7669 ||| Stepping ~*~*~tactically~*~*~ (stealth).
  7738 | D:8      | 7738 ||| INVOKING Heroism.
  7763 | D:8      | Noticed Grum
  7764 | D:8      | 7764 ||| INVOKING Heroism.
  7781 | D:8      | Killed Grum
  7807 | D:8      | Found a sand-covered staircase.
  7813 | Ossuary  | Entered an ossuary
  7821 | Ossuary  | Reached *** piety under Okawaru
  8251 | Ossuary  | 8251 ||| READING scroll labelled MIGGOS XUPREU.
  8252 | Ossuary  | 8252 ||| READING 3 scrolls of identify.
  8252 | Ossuary  | 8252 ||| IDENTIFYING silvery potion
  8253 | Ossuary  | 8253 ||| DROPPING potion of degeneration.
  8276 | D:8      | 8276 ||| PLANNING D:1-11
  8354 | D:8      | 8354 ||| Stepping ~*~*~tactically~*~*~ (stealth).
  8355 | D:8      | 8355 ||| Stepping ~*~*~tactically~*~*~ (stealth).
  8425 | D:8      | Found a sparkling altar of Nemelex Xobeh.
  8558 | D:8      | 8558 ||| Stepping ~*~*~tactically~*~*~ (hiding).
  8566 | D:8      | 8566 ||| Stepping ~*~*~tactically~*~*~ (hiding).
  8609 | D:8      | 8609 ||| Stepping ~*~*~tactically~*~*~ (stealth).
  8612 | D:8      | 8612 ||| Stepping ~*~*~tactically~*~*~ (hiding).
  8659 | D:8      | 8659 ||| Stepping ~*~*~tactically~*~*~ (stealth).
  8839 | D:8      | 8839 ||| Stepping ~*~*~tactically~*~*~ (hiding).
  8847 | D:8      | 8847 ||| INVOKING Heroism.
  8849 | D:8      | HP: 10/64 [ice devil (16)]
  8851 | D:8      | Demolished by a freezing wraith

Levels and vault maps discovered:
D:1:      mrwooster_arrival_statue_2, layout_loops_ring,
          minmay_misc_feat_enclosed
D:2:      layout_basic, shapermc_ecumenical_altar_pompeii, uniq_robin
D:3:      layout_loops_cross, minmay_misc_feat_four_crosses, glass_columns_b,
          minmay_divided_ellipse, uniq_jessica
D:4:      minmay_goblin_kobold_castle, layout_basic, fedhas_altar_4,
          temple_hall, uniq_blork_the_orc, uniq_crazy_yiuf_cottage, uniq_pikel
D:5:      layout_loops_cross, minmay_quadrilaterals
D:6:      layout_cave_pools, nicolae_sif_muna_condensation, minmay_holes,
          uniq_sigmund
D:7:      gammafunk_the_bubble [the_bubble_gammafunk_crates], layout_loops_ring,
          nicolae_overflow_hidden_temple
D:8:      layout_basic, mainiacjoe_overflow_six_doors_small, serial_shops,
          nicolae_shop_tiny_waterfront, nicolae_ossuary_entry_plus,
          enter_bailey_5, hellmonk_guarded_unrand_frostbite, uniq_grum
Temple:   minmay_temple_curvy_loop

Skill      XL: |  1  2  3  4  5  6  7  8  9 10 |
---------------+-------------------------------+-----
Axes           | 2 3 4 5 7 8 10 | 10.5
Fighting       | 4 5 7 8 |  8.0
Dodging        | 1 |  1.4
Armour         | 4 5 7 |  7.4
Invocations    | 2 4 |  4.0
Shields        | 4 5 |  5.0

Action                     |  1- 3 |  4- 6 |  7- 9 | 10-12 || total
---------------------------+-------+-------+-------+-------++-------
  Melee: War axe           |    91 |   147 |   419 |   256 ||   913
 Invoke: Heroism           |       |       |    11 |     5 ||    16
    Use: Scroll            |     2 |    11 |     6 |     5 ||    24
         Potion            |       |     4 |     2 |     1 ||     7
 Armour: Scale mail        |    58 |    82 |       |       ||   140
         Chain mail        |       |    40 |   240 |    16 ||   296
         Plate armour      |       |       |       |    99 ||    99
  Dodge: Dodged            |    46 |    52 |   161 |    61 ||   320
  Block: Buckler           |    17 |    26 |    76 |    48 ||   167

Table legend:
 A = Non-vault XP
 B = Vault XP
 C = Vault XP percentage of total XP
 D = Non-vault monster count
 E = Vault monster count
 F = Vault count percentage of total count
                 A         B        C        D         E       F
            +---------+---------+-------+---------+---------+-------
      Total |    4797 |    2975 |  38.3 |     174 |     128 |  42.4
            +---------+---------+-------+---------+---------+-------
        D:1 |      23 |       0 |   0.0 |      14 |       0 |   0.0
        D:2 |     100 |      36 |  26.5 |      22 |      12 |  35.3
        D:3 |     169 |     129 |  43.3 |      16 |      14 |  46.7
        D:4 |     514 |    1189 |  69.8 |      23 |      56 |  70.9
        D:5 |     615 |      48 |   7.2 |      24 |       2 |   7.7
        D:6 |     814 |     223 |  21.5 |      26 |       1 |   3.7
        D:7 |    1032 |       0 |   0.0 |      19 |       0 |   0.0
        D:8 |    1530 |    1103 |  41.9 |      30 |      11 |  26.8
    Ossuary |       0 |     247 | 100.0 |       0 |      32 | 100.0
            +---------+---------+-------+---------+---------+-------
